 Dungeon Crawl Stone Soup version 0.29.1-13-g9f3cf754e1 (webtiles) character file.

Game seed: 3729715521598704238

26 hbarley the Trooper (level 3, -7/33 HPs)
             Began as a Hill Orc Fighter on Jan 31, 2023.
             Mangled by a gnoll
             ... wielding a +0 halberd
              (9 damage)
             ... on level 2 of the Dungeon.
             The game lasted 00:01:27 (1278 turns).

hbarley the Trooper (Hill Orc Fighter)              Turns: 1278, Time: 00:01:29

Health: -7/33      AC:  7    Str: 18    XL:     3   Next: 8%
Magic:  3/3        EV:  9    Int:  8    God:
Gold:   44         SH:  4    Dex: 12    Spells: 2/2 levels left

rFire   . . .      SeeInvis .   a - +0 war axe
rCold   . . .      Faith    .   c - +0 buckler
rNeg    . . .      Spirit   .   b - +0 scale mail
rPois   .          Reflect  .   (no helmet)
rElec   .          Harm     .   (no cloak)
rCorr   .          Rampage  .   (no gloves)
Will    .....                   (no boots)
Stlth   ..........              (no amulet)
HPRegen 0.11/turn               (no ring)
MPRegen 0.08/turn               (no ring)

@: no status effects
A: no striking features
a: no special abilities


You were on level 2 of the Dungeon.
You visited 1 branch of the dungeon, and saw 2 of its levels.

You collected 44 gold pieces.

Inventory:

Hand Weapons
 a - a +0 war axe (weapon)
Armour
 b - a +0 scale mail (worn)
 c - a +0 buckler (worn)
Jewellery
 j - an amulet of reflection
Scrolls
 f - a scroll of immolation {unknown}
 g - 3 scrolls of identify {unknown}
 k - a scroll of vulnerability {unknown}
Potions
 d - a potion of might
 e - a potion of heal wounds {unknown}
 h - a potion of attraction {unknown}
 i - a potion of resistance {unknown}


   Skills:
 + Level 4.0 Fighting
 + Level 3.2 Axes
 + Level 3.7 Armour
 + Level 3.6 Shields


You had 2 spell levels left.
You didn't know any spells.
Your spell library contained the following spells:

 Spells                   Type           Power      Damage    Failure   Level
 Dazzling Flash           Conj/Hex       0%         N/A       99%         3
 Agony                    Necr           0%         N/A       100%        5
 Silence                  Hex/Air        0%         N/A       100%        5


Dungeon Overview and Level Annotations

Branches:
Dungeon (2/15)

Altars:


Message History

You feel sick.
Your Fighting skill increases to level 4!
You have reached level 3!
Your experience leads to an increase in your attributes!
Increase (S)trength, (I)ntelligence, or (D)exterity?
You feel agile. x2
You feel sick.
You feel sick.
You feel sick.
You feel sick.
You feel sick.
You are no longer poisoned.
You pick up a book of the Senses and begin reading...
You add the spells Dazzling Flash, Agony and Silence to your library.
A gnoll comes into view. It is wielding a +0 spear.
Found an escape hatch in the floor.
The gnoll shouts!
You hear a shout!
A gnoll comes into view. It is wielding a +0 halberd.
A gnoll comes into view. It is wielding a +0 club.
You hear an angry hiss.
The gnoll shouts!
The gnoll closely misses you. The gnoll hits you but does no damage.
The gnoll hits you but does no damage.
The gnoll hits you from afar with a +0 spear.
You hit the gnoll.
The gnoll is heavily wounded.
The gnoll hits you with a +0 halberd. The gnoll barely misses you.
The gnoll hits you but does no damage.
You hit the gnoll but do no damage. The gnoll barely misses you.
The gnoll hits you with a +0 club.
The gnoll hits you from afar with a +0 spear!
You barely miss the gnoll.
The gnoll hits you from afar with a +0 halberd!
* * * LOW HITPOINT WARNING * * *
The gnoll barely misses you. The gnoll closely misses you.
You block the gnoll's attack. The gnoll hits you with a +0 club.
* * * LOW HITPOINT WARNING * * *
The gnoll hits you from afar with a +0 halberd!
You die...

####..####.........~.~.~~~..~....
#..##########.#..~.....~.~....
#.......## #..........>......
##.####..####.................
#.# ##.....................# #.#
####................... #.#
##..#.....).... .... #.#
###..##.#........ #.#
#.....#@#........ #.#
#.....#g#..#.##.. #.....#gg..#.#
###......#g# . ####..#.....
.......... ...........
............ .............


You could see 3 gnolls.

Vanquished Creatures
  An adder (D:2)
  2 dart slugs (D:1)
  2 endoplasms
  A goblin (D:1)
  A hobgoblin (D:1)
  A bat (D:1)
  2 kobolds (D:1)
  5 rats
15 creatures vanquished.

Notes
Turn   | Place    | Note
-------+----------+-------------------------------------------
     0 | D:1      | hbarley the Hill Orc Fighter began the quest for the Orb.
     0 | D:1      | Reached XP level 1. HP: 19/19 MP: 1/1
   207 | D:1      | Reached XP level 2. HP: 27/27 MP: 2/2
   985 | D:2      | Found a faded altar of an unknown god.
  1134 | D:2      | Reached skill level 4 in Fighting
  1134 | D:2      | Reached XP level 3. HP: 24/33 MP: 3/3
  1278 | D:2      | Mangled by a gnoll

Illustrated notes

Levels and vault maps discovered:
D:1:      amcnicky_arrival_underground_garden, layout_loops_ring
D:2:      layout_rooms, chequers_ecumenical_altar_island, dk_noncrumbling_3,
          uniq_crazy_yiuf_cottage

Skill      XL: |  1  2 |
---------------+-------+-----
Axes           | 3 |  3.2
Fighting       | 4 |  4.0
Armour         | |  3.7
Shields        | |  3.6

Action                   || total
-------------------------++-------
Melee: War axe           ||    41
Armor: Scale mail        ||    18
Dodge: Dodged            ||    17
Block: Buckler           ||     5
